 Dungeon Crawl Stone Soup version 0.30.1-9-gdf580d7c3d (webtiles) character file.

Game seed: 18384168582000342448

105 KittyFluff the Cudgeller (level 4, -6/43 HPs)
             Began as a Gargoyle Berserker on Oct 18, 2023.
             Was a Believer of Trog.
             Mangled by an iguana (8 damage)
             ... on level 3 of the Dungeon.
             The game lasted 00:05:47 (1485 turns).

KittyFluff the Cudgeller (Gargoyle Berserker)       Turns: 1485, Time: 00:05:48

Health: -6/43      AC:  8    Str: 23    XL:     4   Next: 83%
Magic:  4/4        EV: 11    Int:  7    God:    Trog [**....]
Gold:   121        SH:  0    Dex:  9    Spells: 3/3 levels left

rFire   . . .        a - +0 mace
rCold   . . .        (no shield)
rNeg    + . .        p - +0 leather armour
rPois   ∞            (no helmet)
rElec   +            (no cloak)
rCorr   .            (no gloves)
SInv    .            j - +0 pair of boots
Will    .....        (no amulet) Stlth
                     (no ring)
HPRegen 0.27/turn    (no ring)
MPRegen 0.09/turn

%: no passive effects
@: berserking, very quick
A: sickness immunity, AC +3, negative energy resistance 1, electricity
resistance, torment resistance 1, petrification resistance
a: Renounce Religion, Berserk, Trog's Hand


You were on level 3 of the Dungeon.
You worshipped Trog.
Trog was pleased with you.
You visited 1 branch of the dungeon, and saw 3 of its levels.

You collected 121 gold pieces.

Inventory:

Hand Weapons
 a - a +0 mace (weapon)
Missiles
 c - 4 javelins (quivered)
 l - 2 boomerangs
Armour
 j - a +0 pair of boots (worn)
 k - a +0 chain mail of fire resistance
 p - a +0 leather armour (worn)
Scrolls
 g - a scroll of fog {unknown}
 h - a scroll of teleportation {unknown}
 i - 3 scrolls of vulnerability {unknown}
 m - 2 scrolls of blinking {unknown}
Potions
 d - a potion of might
 f - 2 potions of curing
 n - a potion of flight
 o - a potion of mutation {unknown}


   Skills:
 + Level 3.8 Fighting
 * Level 3.9 Maces & Flails
 * Level 3.4 Armour
 + Level 2.2 Dodging


You had 3 spell levels left.
You didn't know any spells.
Your spell library was empty.

Dungeon Overview and Level Annotations

Branches:
Dungeon (3/15)

Altars:


Innate Abilities, Weirdness & Mutations

You are immune to sickness and miasma.
Your stone body is resilient. (AC +3)
You are immune to poison.
You resist negative energy. (rN+)
You are resistant to electric shocks. (rElec)
You are resistant to unholy torment.
You are immune to petrification.


Message History

The iguana closely misses you. The iguana bites you.
The goblin hits you but does no damage.
You hit the iguana but do no damage.
The iguana is moderately wounded.
The goblin closely misses you.
The iguana bites you but does no damage.
You thump the iguana!
The iguana is almost dead.
The goblin hits you but does no damage. The iguana closely misses you.
You barely miss the iguana.
The iguana is almost dead.
The goblin closely misses you.
The iguana bites you but does no damage.
You hit the iguana but do no damage.
The iguana is almost dead.
The goblin closely misses you. The iguana bites you.
You closely miss the iguana.
The iguana is almost dead.
The goblin hits you but does no damage. The iguana bites you.
The iguana bites you but does no damage.
The goblin closely misses you.
You barely miss the iguana.
The iguana is almost dead.
The goblin hits you with a +0 club. The iguana bites you.
You hit the iguana but do no damage.
The iguana is almost dead.
The goblin misses you. The iguana barely misses you.
You barely miss the iguana.
The iguana is almost dead.
The goblin barely misses you. The iguana closely misses you.
You hit the iguana but do no damage.
The iguana is almost dead.
The goblin hits you but does no damage. The iguana bites you.
* * * LOW HITPOINT WARNING * * *
A red film seems to cover your vision as you go berserk!
You feel yourself moving faster!
You feel mighty! The goblin hits you with a +0 club.
* * * LOW HITPOINT WARNING * * *
The iguana bites you!
You die...

...# #.##....##.# ...#
#.##.......#
...####.##....# ..
..........##..#####..g.
..........##...........
..(.......##....###...
...############.# ...#
#g####### )..#
#.@l....# ...#
#.#####.# ...# #.#
...########## #..
....#.......# #.##
#.#.#.#####.# #..
#.#.#.#####.# ###
.........##.#
......##.##.#


You could see an iguana and a goblin.

Vanquished Creatures
  5 adders
  2 worms (D:2)
  2 dart slugs (D:2)
  An orc (D:3)
  An endoplasm (D:2)
  2 giant cockroaches
  5 goblins
  6 hobgoblins
  6 kobolds
  2 quokkas (D:1)
  5 ball pythons
  5 bats
  3 frilled lizards
  5 rats
50 creatures vanquished.

Notes
Turn   | Place    | Note
-------+----------+-------------------------------------------
     0 | D:1      | KittyFluff the Gargoyle Berserker began the quest for the
                  | Orb.
     0 | D:1      | Reached XP level 1. HP: 14/14 MP: 1/1
   214 | D:1      | Reached XP level 2. HP: 19/19 MP: 2/2
   252 | D:1      | Found a faded altar of an unknown god.
   588 | D:2      | Reached XP level 3. HP: 23/23 MP: 3/3
   686 | D:2      | Reached ** piety under Trog
   785 | D:2      | Reached XP level 4. HP: 24/29 MP: 4/4
  1485 | D:3      | HP: 2/43 [goblin/+0 club (4)]
  1485 | D:3      | Mangled by an iguana

Illustrated notes

Levels and vault maps discovered:
D:1:      nagdon_arrival_double_spiral, layout_basic,
          shapermc_ecumenical_altar_notcrosses, dreamdust_wishing_well
D:2:      layout_loops_ring
D:3:      layout_loops_cross

Skill      XL: |  1  2  3 |
---------------+----------+-----
Dodging        | 2 |  2.2
Armour         | 3 |  3.4
Fighting       | |  3.8
Maces & Flails | |  3.9

Action                     |  1- 3 |  4- 6 || total
---------------------------+-------+-------++-------
  Melee: Mace              |   112 |    63 ||   175
 Invoke: Berserk           |       |     1 ||     1
    Use: Scroll            |       |     3 ||     3
 Armour: Animal skin       |    61 |     6 ||    67
         Leather armour    |       |    25 ||    25
  Dodge: Dodged            |    88 |    44 ||   132
